[Event "23rd ETCC Open 2021"]
[Site "Catez"]
[Date "2021.11.15"]
[Round "4.67"]
[White "Tisaj, Domen"]
[Black "Davis, Lee"]
[Result "1-0"]
[ECO "E44"]
[WhiteElo "2369"]
[BlackElo "1972"]
[Annotator "NA"]
[PlyCount "109"]
[EventDate "2021.11.08"]
[EventType "team-tourn"]
[EventCountry "SLO"]
[SourceTitle "playchess.com"]
[Source "ChessBase"]
[SourceQuality "1"]
[WhiteTeam "Slovenia"]
[BlackTeam "Wales"]
[WhiteTeamCountry "SLO"]
[BlackTeamCountry "WLS"]
[TimeControl "40/5400+30:1800+30"]

1. d4 Nf6 2. c4 e6 3. Nc3 Bb4 4. e3 b6 5. Nge2 Bb7 6. a3 Be7 7. d5 O-O 8. e4 e5
9. g3 d6 10. Bg2 a5 11. O-O Na6 12. Rb1 Re8 13. h3 Bf8 14. b4 axb4 15. axb4 h6
16. Be3 Kh7 17. Qd3 g6 18. f4 Nd7 19. Qc2 Qe7 20. Nc1 Bg7 21. f5 g5 22. Nd3 f6
23. Ra1 Bf8 24. Ra2 Qd8 25. Rfa1 Qc8 26. Bf3 Be7 27. Qd2 Rg8 28. Bd1 Kh8 29.
Ra3 Kh7 30. R1a2 Kg7 31. Kh2 Kh7 32. Bh5 Kg7 33. Ra4 Rh8 34. Qd1 Nf8 35. Qa1
Nd7 36. Be2 h5 37. Ne1 h4 38. g4 Rd8 39. Nc2 Rh8 40. Kg2 Rd8 41. Ne1 Rh8 42.
Nf3 Rd8 43. Nd2 Rh8 44. Nd1 Rd8 45. Nb2 Kh7 46. Kf2 Bf8 47. c5 dxc5 48. Bxa6
Bxa6 49. Rxa6 Rxa6 50. Rxa6 cxb4 51. Ra7 Nc5 52. Na4 Qb8 53. Nxc5 bxc5 54. Qa5
Rd7 55. Ra8 1-0

[Event "23rd ETCC Open 2021"]
[Site "Catez"]
[Date "2021.11.15"]
[Round "4.68"]
[White "Weatherlake, John P"]
[Black "Stevanic, David"]
[Result "0-1"]
[ECO "E61"]
[WhiteElo "1890"]
[BlackElo "2318"]
[Annotator "NA"]
[PlyCount "32"]
[EventDate "2021.11.08"]
[EventType "team-tourn"]
[EventCountry "SLO"]
[SourceTitle "playchess.com"]
[Source "ChessBase"]
[SourceQuality "1"]
[WhiteTeam "Wales"]
[BlackTeam "Slovenia"]
[WhiteTeamCountry "WLS"]
[BlackTeamCountry "SLO"]
[TimeControl "40/5400+30:1800+30"]

1. Nf3 Nf6 2. e3 g6 3. d4 Bg7 4. c4 O-O 5. Be2 d6 6. Nc3 Nbd7 7. O-O e5 8. Qc2
Ne8 9. Rd1 f5 10. dxe5 dxe5 11. c5 c6 12. b4 Qe7 13. Nd2 Ndf6 14. f4 exf4 15.
exf4 Nd5 16. Nxd5 Qxe2 0-1

[Event "23rd ETCC Open 2021"]
[Site "Catez"]
[Date "2021.11.15"]
[Round "4.69"]
[White "Kanyamarala, Tarun"]
[Black "Dardha, Daniel"]
[Result "0-1"]
[ECO "B30"]
[WhiteElo "2321"]
[BlackElo "2525"]
[Annotator "ChessBase"]
[PlyCount "112"]
[EventDate "2021.11.08"]
[EventType "team-tourn"]
[EventCountry "SLO"]
[SourceTitle "playchess.com"]
[Source "ChessBase"]
[SourceQuality "1"]
[WhiteTeam "Ireland"]
[BlackTeam "Belgium"]
[WhiteTeamCountry "IRL"]
[BlackTeamCountry "BEL"]
[TimeControl "40/5400+30:1800+30"]

1. e4 c5 2. Nf3 Nc6 3. Bb5 e6 4. O-O Nge7 5. d4 cxd4 6. Nxd4 Ng6 7. Be3 Be7 8.
Be2 O-O 9. c4 Nxd4 10. Qxd4 b6 11. Qd2 Bb7 12. f3 Bc5 13. Rd1 Bc6 14. b4 Be7
15. a3 Qb8 16. Nc3 Bf6 17. Bd4 Bd8 18. Kh1 Bc7 19. Bg1 Rd8 20. Rab1 Bf4 21. Qe1
Be5 22. Bf1 h5 23. b5 Bb7 24. Na4 d6 25. Nb2 Qc7 26. Nd3 Bf6 27. a4 Rab8 28. a5
h4 29. Nf2 d5 30. exd5 exd5 31. Ng4 dxc4 32. Nxf6+ gxf6 33. axb6 axb6 34. h3
Bd5 35. Qc3 Qe5 36. Bd4 Qf5 37. Bxf6 Rd6 38. Bd4 Rbd8 39. Rbc1 Bxf3 40. gxf3
Qf4 41. Bh8 Nxh8 42. Rxd6 Rxd6 43. Bxc4 Ng6 44. Rg1 Kh7 45. Bf1 Rd2 46. Bg2 Ne5
47. Qc7 Nd3 48. Qxf4 Nxf4 49. Bf1 f5 50. Bc4 Nxh3 51. Rg8 Nf4 52. Rb8 Nh5 53.
Rb7+ Kh6 54. Rxb6+ Kg5 55. Bf7 Ng3+ 56. Kg1 h3 0-1

[Event "23rd ETCC Open 2021"]
[Site "Catez"]
[Date "2021.11.15"]
[Round "4.70"]
[White "Docx, Stefan"]
[Black "Jessel, Stephen"]
[Result "1-0"]
[ECO "A40"]
[WhiteElo "2432"]
[BlackElo "2297"]
[Annotator "ChessBase"]
[PlyCount "147"]
[EventDate "2021.11.08"]
[EventType "team-tourn"]
[EventCountry "SLO"]
[SourceTitle "playchess.com"]
[Source "ChessBase"]
[SourceQuality "1"]
[WhiteTeam "Belgium"]
[BlackTeam "Ireland"]
[WhiteTeamCountry "BEL"]
[BlackTeamCountry "IRL"]
[TimeControl "40/5400+30:1800+30"]

1. d4 e6 2. c4 b6 3. a3 Bb7 4. Nc3 f5 5. d5 Nf6 6. g3 Na6 7. b4 c5 8. dxc6 dxc6
9. Qxd8+ Rxd8 10. Bg2 Bd6 11. Bb2 Rd7 12. Rd1 Ke7 13. e4 c5 14. b5 Nc7 15. f4
Rhd8 16. Nh3 Nce8 17. O-O Nxe4 18. Nxe4 Bxe4 19. Bxe4 fxe4 20. Rde1 Nf6 21. Ng5
h6 22. Nxe4 Nxe4 23. Rxe4 Kf7 24. Rfe1 Re7 25. R4e2 Rdd7 26. Kg2 Bc7 27. h4 h5
28. a4 g6 29. Kf3 Rd3+ 30. Re3 Red7 31. Ke4 Rxe3+ 32. Kxe3 Bd8 33. Be5 Bf6 34.
a5 Bxe5 35. fxe5 bxa5 36. Ra1 g5 37. Rf1+ Kg7 38. hxg5 Rd4 39. Rf6 Rxc4 40.
Rxe6 Rg4 41. Ra6 Rb4 42. Rxa5 Kg6 43. e6 Kf5 44. Rxa7 Rxb5 45. e7 Rb3+ 46. Kf2
Rb8 47. Rc7 Kxg5 48. Rxc5+ Kf6 49. Rxh5 Kxe7 50. Rf5 Ke6 51. Rf4 Rb3 52. Kg2
Ke5 53. Rf8 Ke6 54. Kh3 Ke7 55. Rf4 Ke6 56. Rf1 Rb8 57. g4 Rh8+ 58. Kg3 Rg8 59.
Rf5 Rh8 60. Kf4 Rh1 61. Kg5 Rg1 62. Rf4 Rh1 63. Kg6 Ke5 64. Rf5+ Ke6 65. Rf2
Ke7 66. g5 Rg1 67. Kh6 Rh1+ 68. Kg7 Rg1 69. Re2+ Kd6 70. g6 Kd7 71. Kf7 Rf1+
72. Kg8 Rg1 73. g7 Rh1 74. Re4 1-0

[Event "23rd ETCC Open 2021"]
[Site "Catez"]
[Date "2021.11.15"]
[Round "4.71"]
[White "Nemeth, Zalan"]
[Black "Beukema, Stefan"]
[Result "1-0"]
[ECO "A87"]
[WhiteElo "2163"]
[BlackElo "2408"]
[Annotator "NA"]
[PlyCount "59"]
[EventDate "2021.11.08"]
[EventType "team-tourn"]
[EventCountry "SLO"]
[SourceTitle "playchess.com"]
[Source "ChessBase"]
[SourceQuality "1"]
[WhiteTeam "Ireland"]
[BlackTeam "Belgium"]
[WhiteTeamCountry "IRL"]
[BlackTeamCountry "BEL"]
[TimeControl "40/5400+30:1800+30"]

1. Nf3 d6 2. d4 f5 3. g3 Nf6 4. Bg2 g6 5. c4 Bg7 6. O-O O-O 7. Nc3 Qe8 8. d5
Na6 9. Rb1 Ng4 10. Nd4 Ne5 11. b3 Bd7 12. e4 fxe4 13. Nxe4 h6 14. Bb2 c5 15.
dxc6 bxc6 16. f4 Ng4 17. Re1 Qd8 18. Nxc6 Qb6+ 19. c5 Nxc5 20. Nxe7+ Kh7 21.
Nd5 Qb5 22. Nxd6 Qa6 23. Re7 Rg8 24. Bxg7 Rxg7 25. Rxg7+ Kxg7 26. Qd4+ Kh7 27.
Qxc5 Qd3 28. Re1 Qd2 29. Re7+ Kg8 30. Rxd7 1-0

[Event "23rd ETCC Open 2021"]
[Site "Catez"]
[Date "2021.11.15"]
[Round "4.72"]
[White "Verstraeten, Rein"]
[Black "Kanyamarala, Trisha"]
[Result "1-0"]
[ECO "E04"]
[WhiteElo "2386"]
[BlackElo "2089"]
[Annotator "NA"]
[PlyCount "121"]
[EventDate "2021.11.08"]
[EventType "team-tourn"]
[EventCountry "SLO"]
[SourceTitle "playchess.com"]
[Source "ChessBase"]
[SourceQuality "1"]
[WhiteTeam "Belgium"]
[BlackTeam "Ireland"]
[WhiteTeamCountry "BEL"]
[BlackTeamCountry "IRL"]
[TimeControl "40/5400+30:1800+30"]

1. d4 Nf6 2. c4 e6 3. Nf3 d5 4. g3 dxc4 5. Bg2 Nc6 6. Qa4 Bb4+ 7. Bd2 Nd5 8.
Bxb4 Ndxb4 9. O-O Rb8 10. Na3 O-O 11. Qb5 b6 12. Qxc4 Qe8 13. Ne5 Nxe5 14. Qxb4
Nd7 15. Qa4 a6 16. Bc6 Qe7 17. Rac1 Nf6 18. Nc2 e5 19. Rfd1 e4 20. Ne3 Rd8 21.
Qa3 Qxa3 22. bxa3 Bd7 23. d5 Ne8 24. Rd4 Nd6 25. g4 f6 26. a4 g6 27. Kg2 Kf8
28. Kg3 Bc8 29. Nc4 Nxc4 30. Rcxc4 f5 31. Kf4 Ke7 32. h4 Rf8 33. g5 Kd6 34. Rc1
Bb7 35. h5 Rg8 36. Rdd1 Bc8 37. Rh1 b5 38. a5 b4 39. hxg6 hxg6 40. Ba4 Bb7 41.
Rh7 Rbd8 42. Bc6 Bxc6 43. Rxc6+ Kxd5 44. Rhxc7 Rb8 45. Rc5+ Kd6 46. R7c6+ Kd7
47. Rxa6 b3 48. axb3 Rxb3 49. Ke5 Re8+ 50. Kd5 Rb7 51. Rxg6 Re7 52. Rb6 Ra7 53.
a6 Ke8 54. Rcc6 e3 55. fxe3 Rad7+ 56. Rd6 Kf7 57. Rxd7 Rxd7+ 58. Ke5 Re7+ 59.
Kxf5 Rxe3 60. Rb7+ Ke8 61. a7 1-0

[Event "23rd ETCC Open 2021"]
[Site "Catez"]
[Date "2021.11.15"]
[Round "4.73"]
[White "Gretarsson, Hjorvar Steinn"]
[Black "Nikolovski, Nikola"]
[Result "1-0"]
[ECO "A67"]
[WhiteElo "2574"]
[BlackElo "2401"]
[Annotator "ChessBase"]
[PlyCount "71"]
[EventDate "2021.11.08"]
[EventType "team-tourn"]
[EventCountry "SLO"]
[SourceTitle "playchess.com"]
[Source "ChessBase"]
[SourceQuality "1"]
[WhiteTeam "Iceland"]
[BlackTeam "Macedonia"]
[WhiteTeamCountry "ISL"]
[BlackTeamCountry "MKD"]
[TimeControl "40/5400+30:1800+30"]

1. d4 Nf6 2. c4 c5 3. d5 e6 4. Nc3 exd5 5. cxd5 d6 6. e4 g6 7. f4 Bg7 8. Bb5+
Nfd7 9. a4 O-O 10. Nf3 Na6 11. O-O Nb4 12. Be3 a6 13. Bc4 Nb6 14. Bb3 Bg4 15.
a5 Nd7 16. Kh1 Re8 17. h3 Bxf3 18. Qxf3 Rc8 19. e5 dxe5 20. f5 e4 21. Nxe4 Ne5
22. Qg3 Ned3 23. Bg5 f6 24. Nd6 Re5 25. Nxc8 Qxc8 26. Bd2 gxf5 27. d6+ Kh8 28.
Bc3 Re4 29. Bxb4 Nxb4 30. Rae1 Nc6 31. Bd5 Re5 32. Bxc6 bxc6 33. Rxe5 fxe5 34.
Qg5 e4 35. Qe7 Bf8 36. d7 1-0

[Event "23rd ETCC Open 2021"]
[Site "Catez"]
[Date "2021.11.15"]
[Round "4.74"]
[White "Lazov, Toni"]
[Black "Stefansson, Hannes"]
[Result "1-0"]
[ECO "C54"]
[WhiteElo "2393"]
[BlackElo "2519"]
[Annotator "ChessBase"]
[PlyCount "83"]
[EventDate "2021.11.08"]
[EventType "team-tourn"]
[EventCountry "SLO"]
[SourceTitle "playchess.com"]
[Source "ChessBase"]
[SourceQuality "1"]
[WhiteTeam "Macedonia"]
[BlackTeam "Iceland"]
[WhiteTeamCountry "MKD"]
[BlackTeamCountry "ISL"]
[TimeControl "40/5400+30:1800+30"]

1. e4 e5 2. Nf3 Nc6 3. Bc4 Nf6 4. d3 Bc5 5. c3 a6 6. a4 d6 7. Bg5 h6 8. Bh4 Ba7
9. Nbd2 Qe7 10. h3 g5 11. Bg3 Nh5 12. Bh2 Nf4 13. Bxf4 gxf4 14. O-O Rg8 15. Kh1
Qf6 16. Qe2 Kf8 17. b4 Nd8 18. b5 a5 19. Rac1 Bb6 20. Rc2 Ne6 21. Bxe6 Bxe6 22.
d4 exd4 23. cxd4 d5 24. Rg1 Rd8 25. e5 Qg6 26. Nb3 Qh5 27. Nc5 Bxc5 28. Rxc5
Rc8 29. Kh2 Ke7 30. Rc3 Kd7 31. Qd2 Qf5 32. Ne1 c6 33. b6 Ke7 34. Rf3 c5 35.
Rxf4 Qh5 36. dxc5 Rxc5 37. Nf3 Rc6 38. Rh4 Qg6 39. Qxa5 Qd3 40. Qb4+ Kd7 41.
Nd4 Rc4 42. Qd6+ 1-0

[Event "23rd ETCC Open 2021"]
[Site "Catez"]
[Date "2021.11.15"]
[Round "4.75"]
[White "Hjartarson, Johann"]
[Black "Risteski, Emil"]
[Result "0-1"]
[ECO "E73"]
[WhiteElo "2483"]
[BlackElo "2315"]
[Annotator "ChessBase"]
[PlyCount "76"]
[EventDate "2021.11.08"]
[EventType "team-tourn"]
[EventCountry "SLO"]
[SourceTitle "playchess.com"]
[Source "ChessBase"]
[SourceQuality "1"]
[WhiteTeam "Iceland"]
[BlackTeam "Macedonia"]
[WhiteTeamCountry "ISL"]
[BlackTeamCountry "MKD"]
[TimeControl "40/5400+30:1800+30"]

1. d4 Nf6 2. c4 g6 3. Nc3 Bg7 4. e4 d6 5. Be2 O-O 6. Be3 e5 7. d5 Na6 8. g4 Nc5
9. f3 a5 10. h4 h5 11. g5 Nh7 12. Nh3 f6 13. Qd2 Bxh3 14. Rxh3 fxg5 15. hxg5
Rf4 16. Rg3 b6 17. Bxf4 exf4 18. Rg2 a4 19. Rc1 Be5 20. Nb5 Nxg5 21. Kd1 Kh7
22. Kc2 Nf7 23. Rcg1 g5 24. Rh2 h4 25. Bf1 Qf6 26. Bh3 Bxb2 27. Bf5+ Kh8 28.
Qg2 Bd4 29. Rd1 Ba1 30. Kb1 a3 31. Qg4 Ra4 32. Qh5+ Kg7 33. Qg6+ Qxg6 34. Bxg6
Kxg6 35. Kxa1 Ne5 36. Rf1 Rxc4 37. Nxc7 Nxf3 38. Rhh1 Nd2 0-1

[Event "23rd ETCC Open 2021"]
[Site "Catez"]
[Date "2021.11.15"]
[Round "4.76"]
[White "Mihov, Filip"]
[Black "Kjartansson, Gudmundur"]
[Result "0-1"]
[ECO "E53"]
[WhiteElo "2255"]
[BlackElo "2443"]
[Annotator "NA"]
[PlyCount "92"]
[EventDate "2021.11.08"]
[EventType "team-tourn"]
[EventCountry "SLO"]
[SourceTitle "playchess.com"]
[Source "ChessBase"]
[SourceQuality "1"]
[WhiteTeam "Macedonia"]
[BlackTeam "Iceland"]
[WhiteTeamCountry "MKD"]
[BlackTeamCountry "ISL"]
[TimeControl "40/5400+30:1800+30"]

1. d4 Nf6 2. c4 e6 3. Nc3 Bb4 4. e3 O-O 5. Bd3 d5 6. a3 Bxc3+ 7. bxc3 dxc4 8.
Bxc4 c5 9. Nf3 Qc7 10. Ba2 b5 11. O-O Bb7 12. Ne5 Nbd7 13. Nxd7 Nxd7 14. Qe2 a5
15. e4 b4 16. Rd1 bxc3 17. d5 exd5 18. exd5 Nb6 19. Be3 Rfd8 20. Qh5 c4 21.
Bxb6 Qxb6 22. Rab1 Qc7 23. Rd4 c2 24. Rc1 Rxd5 25. Rxd5 Bxd5 26. Rxc2 Be6 27.
Qe2 Rc8 28. Rc3 Qc5 29. h3 Qd4 30. Qc2 g6 31. Qc1 Rd8 32. Kf1 Kg7 33. Qe1 h5
34. Qc1 Rc8 35. Kg1 Rc5 36. Kf1 Bf5 37. Kg1 Bd3 38. Qd2 Qe5 39. f4 Qd4+ 40. Kh2
Qe4 41. h4 Rf5 42. Kg3 Rxf4 43. Qxf4 Qe1+ 44. Kh2 Qxc3 45. Qc7 a4 46. Qc5 Qf6
0-1

[Event "23rd ETCC Open 2021"]
[Site "Catez"]
[Date "2021.11.16"]
[Round "5.35"]
[White "Krejci, Jan"]
[Black "Postny, Evgeny"]
[Result "1/2-1/2"]
[ECO "A13"]
[WhiteElo "2565"]
[BlackElo "2557"]
[Annotator "ChessBase"]
[PlyCount "79"]
[EventDate "2021.11.08"]
[EventType "team-tourn"]
[EventCountry "SLO"]
[SourceTitle "playchess.com"]
[Source "ChessBase"]
[SourceQuality "1"]
[WhiteTeam "Czech Republic"]
[BlackTeam "Israel"]
[WhiteTeamCountry "CZE"]
[BlackTeamCountry "ISR"]
[TimeControl "40/5400+30:1800+30"]

1. Nf3 Nf6 2. c4 e6 3. b3 d5 4. e3 Be7 5. Bb2 O-O 6. Nc3 dxc4 7. Bxc4 a6 8. Qc2
c5 9. d4 b5 10. Be2 cxd4 11. Nxd4 Bb7 12. O-O Nbd7 13. Rac1 Rc8 14. Qb1 Nc5 15.
Bf3 Qb6 16. Bxb7 Qxb7 17. Nf3 Rfd8 18. Rfd1 Rxd1+ 19. Rxd1 b4 20. Ne2 Nce4 21.
Ne5 a5 22. Nc4 Qa6 23. Ng3 Nxg3 24. hxg3 Nd5 25. Qd3 h6 26. e4 Nf6 27. Bxf6
Bxf6 28. e5 Be7 29. Qf3 Qb5 30. Rd4 Bc5 31. Rd3 a4 32. Qd1 axb3 33. axb3 Qa6
34. Rd7 Qc6 35. Rd8+ Rxd8 36. Qxd8+ Kh7 37. Qd3+ Kg8 38. Qd8+ Kh7 39. Qd3+ Kg8
40. Qd8+ 1/2-1/2

[Event "23rd ETCC Open 2021"]
[Site "Catez"]
[Date "2021.11.16"]
[Round "5.36"]
[White "Boruchovsky, Avital"]
[Black "Zilka, Stepan"]
[Result "0-1"]
[ECO "D35"]
[WhiteElo "2542"]
[BlackElo "2593"]
[Annotator "ChessBase"]
[PlyCount "234"]
[EventDate "2021.11.08"]
[EventType "team-tourn"]
[EventCountry "SLO"]
[SourceTitle "playchess.com"]
[Source "ChessBase"]
[SourceQuality "1"]
[WhiteTeam "Israel"]
[BlackTeam "Czech Republic"]
[WhiteTeamCountry "ISR"]
[BlackTeamCountry "CZE"]
[TimeControl "40/5400+30:1800+30"]

1. c4 e6 2. Nc3 d5 3. d4 Nf6 4. cxd5 exd5 5. Bg5 c6 6. e3 Bf5 7. Qf3 Bg6 8.
Bxf6 Qxf6 9. Qxf6 gxf6 10. Nf3 Nd7 11. Nh4 Be7 12. Ne2 f5 13. g3 Nb6 14. Nf4
Nc8 15. Bd3 Nd6 16. Nf3 h6 17. Ne5 Bh7 18. Rc1 a5 19. Rg1 Bg5 20. Be2 Rg8 21.
Ned3 Ke7 22. Kf1 Ne4 23. Rc2 Rge8 24. a3 a4 25. Kg2 Kf8 26. Nc5 Nxc5 27. Rxc5
Ke7 28. Kf3 Kd7 29. Rgc1 Be7 30. R5c3 Bd6 31. Bd3 Bg6 32. h3 Ke7 33. Rh1 Kf6
34. h4 Re7 35. h5 Bh7 36. Ng2 Ree8 37. Ke2 Rg8 38. Rh4 Rg5 39. Rc1 Rg7 40. Ne1
Bg8 41. Nf3 Ke6 42. Nd2 Rg5 43. Rh3 Bh7 44. Nb1 Rgg8 45. Nc3 Rgb8 46. Rhh1 Bg8
47. Kd2 Bc7 48. Kc2 Ra5 49. Kb1 Bd6 50. Ne2 Bh7 51. Nc3 Kf6 52. Na2 Kg7 53. Ka1
Rg8 54. Nb4 Kh8 55. Rc3 Raa8 56. Bc2 f4 57. Bxh7 Kxh7 58. gxf4 Bxb4 59. axb4
Rg2 60. Rc2 Re8 61. Kb1 Kg7 62. Kc1 Kf6 63. Kd1 Reg8 64. Ke2 Rg1 65. Rc1 Rxh1
66. Rxh1 Ra8 67. Ra1 Kf5 68. f3 Rg8 69. Kf2 Ra8 70. Ra3 Ra6 71. Ke2 Ra8 72. Kd3
Ra6 73. Ra1 Ra8 74. Ra3 Ra6 75. Ra2 Ra8 76. Ra1 Ra6 77. Kc2 Ra8 78. Rg1 a3 79.
Ra1 a2 80. Kc3 b5 81. Kc2 f6 82. Kc3 Ra7 83. Kb3 Re7 84. e4+ dxe4 85. fxe4+
Rxe4 86. Kc3 Re3+ 87. Kd2 Ke4 88. Rxa2 Rd3+ 89. Ke2 Rxd4 90. Ra6 Rxb4 91. Rxc6
Rxb2+ 92. Kd1 Kf5 93. Rb6 Rb4 94. Ke2 Re4+ 95. Kd3 Re6 96. Rxb5+ Kxf4 97. Rb1
Kg4 98. Rg1+ Kxh5 99. Rh1+ Kg5 100. Rg1+ Kf5 101. Rh1 Kg6 102. Rg1+ Kf7 103.
Kd4 h5 104. Rg2 Re5 105. Rg1 Ke6 106. Rh1 Kf7 107. Rg1 Re6 108. Rg2 Re1 109.
Rg3 h4 110. Rg4 f5 111. Rxh4 Kg6 112. Rh8 Kg5 113. Kd3 Kg4 114. Kd2 Re7 115.
Ra8 f4 116. Rg8+ Kh3 117. Rf8 Kg3 0-1

[Event "23rd ETCC Open 2021"]
[Site "Catez"]
[Date "2021.11.16"]
[Round "5.39"]
[White "Kourkoulos-Arditis, Stamatis"]
[Black "Stevic, Hrvoje"]
[Result "1/2-1/2"]
[ECO "D20"]
[WhiteElo "2524"]
[BlackElo "2581"]
[Annotator "ChessBase"]
[PlyCount "64"]
[EventDate "2021.11.08"]
[EventType "team-tourn"]
[EventCountry "SLO"]
[SourceTitle "playchess.com"]
[Source "ChessBase"]
[SourceQuality "1"]
[WhiteTeam "Greece"]
[BlackTeam "Croatia"]
[WhiteTeamCountry "GRE"]
[BlackTeamCountry "CRO"]
[TimeControl "40/5400+30:1800+30"]

1. d4 d5 2. c4 dxc4 3. e4 e5 4. Nf3 exd4 5. Bxc4 Bb4+ 6. Nbd2 Nc6 7. O-O Nf6 8.
e5 Nd5 9. Nb3 Nb6 10. Bb5 Bd7 11. Bxc6 Bxc6 12. Nfxd4 Bd5 13. Qg4 Qd7 14. e6
fxe6 15. Nxe6 Qxe6 16. Qxb4 O-O-O 17. Bg5 Bxg2 18. Bxd8 Bxf1 19. Bxc7 Kxc7 20.
Kxf1 Re8 21. Qf4+ Qe5 22. Rc1+ Kb8 23. Qg3 Re7 24. Nd4 Qxg3 25. hxg3 Rd7 26.
Nf3 Rd5 27. Ke2 a5 28. Ke3 Rb5 29. b3 Nd5+ 30. Ke4 Nf6+ 31. Kd3 Rf5 32. Ke2 Ng4
1/2-1/2

[Event "23rd ETCC Open 2021"]
[Site "Catez"]
[Date "2021.11.16"]
[Round "5.43"]
[White "Sanal, Vahap"]
[Black "Bjerre, Jonas Buhl"]
[Result "1-0"]
[ECO "B51"]
[WhiteElo "2590"]
[BlackElo "2569"]
[Annotator "ChessBase"]
[PlyCount "83"]
[EventDate "2021.11.08"]
[EventType "team-tourn"]
[EventCountry "SLO"]
[SourceTitle "playchess.com"]
[Source "ChessBase"]
[SourceQuality "1"]
[WhiteTeam "Turkey"]
[BlackTeam "Denmark"]
[WhiteTeamCountry "TUR"]
[BlackTeamCountry "DEN"]
[TimeControl "40/5400+30:1800+30"]

1. e4 c5 2. Nf3 d6 3. Bb5+ Nd7 4. d4 cxd4 5. Nxd4 Ngf6 6. Bd3 Nc5 7. Nc3 e6 8.
O-O Be7 9. Re1 Nxd3 10. Qxd3 O-O 11. Bg5 h6 12. Bh4 Qb6 13. a4 Bd7 14. a5 Qa6
15. Ncb5 Rfc8 16. c4 b6 17. Bxf6 Bxf6 18. Nxd6 Rd8 19. N4b5 Bxb5 20. cxb5 Qc8
21. e5 Qd7 22. Rad1 Be7 23. a6 Bxd6 24. exd6 Rac8 25. b4 f6 26. h3 e5 27. f4
Qe6 28. fxe5 fxe5 29. Qd5 Qxd5 30. Rxd5 Rd7 31. Rexe5 Kf7 32. Rd3 Rcd8 33. Rf3+
Kg8 34. Re6 Kh7 35. Rd3 Kg8 36. Re7 Kh7 37. Kh2 h5 38. Rxd7 Rxd7 39. Kg3 Kg6
40. Kf4 Kf6 41. h4 g6 42. Rd2 1-0

[Event "23rd ETCC Open 2021"]
[Site "Catez"]
[Date "2021.11.16"]
[Round "5.44"]
[White "Rasmussen, Allan Stig"]
[Black "Gokerkan, Cem Kaan"]
[Result "1/2-1/2"]
[ECO "E06"]
[WhiteElo "2577"]
[BlackElo "2444"]
[Annotator "ChessBase"]
[PlyCount "243"]
[EventDate "2021.11.08"]
[EventType "team-tourn"]
[EventCountry "SLO"]
[SourceTitle "playchess.com"]
[Source "ChessBase"]
[SourceQuality "1"]
[WhiteTeam "Denmark"]
[BlackTeam "Turkey"]
[WhiteTeamCountry "DEN"]
[BlackTeamCountry "TUR"]
[TimeControl "40/5400+30:1800+30"]

1. d4 Nf6 2. c4 e6 3. g3 d5 4. Nf3 Be7 5. Bg2 O-O 6. Nc3 dxc4 7. Ne5 Qd6 8. O-O
Qa6 9. a4 Nc6 10. Nb5 Nxe5 11. dxe5 Rd8 12. Qc2 Nd5 13. Qxc4 Bd7 14. Bd2 Rac8
15. Rfd1 Be8 16. e3 c6 17. Na3 Qxc4 18. Nxc4 Nb6 19. Nxb6 axb6 20. Bc3 Rxd1+
21. Rxd1 c5 22. a5 bxa5 23. Bxb7 Rb8 24. Be4 a4 25. Ra1 c4 26. Bc2 Ra8 27. Kf1
Bc6 28. Ke2 Kf8 29. f4 g6 30. Bd4 Ke8 31. Bd1 Bb4 32. Bc2 Kd7 33. g4 Kc7 34. h4
Bb5 35. Kf3 Bc6+ 36. Ke2 Bb5 37. Kf3 Bc6+ 38. Kg3 Be7 39. h5 a3 40. bxa3 Rxa3
41. Rxa3 Bxa3 42. f5 exf5 43. gxf5 gxf5 44. Bxf5 h6 45. e6 Be8 46. exf7 Bxf7
47. Bg6 Bd6+ 48. Kf2 Be6 49. Bg7 Bg4 50. Bxh6 c3 51. Bg7 c2 52. Bb2 Bf8 53. Bc1
Bh6 54. Ke1 Kd6 55. Kd2 Bd1 56. Bb2 Kd5 57. Kd3 Bg5 58. Bf7+ Kd6 59. Ke4 Ke7
60. Bg6 Ke6 61. Kd3 Bh6 62. Kd2 Bg5 63. Kd3 Bh6 64. Bc1 Ke5 65. Kc3 Bg5 66. Kb2
Bh6 67. Bd2 Bg5 68. Kc1 Bh6 69. Bc3+ Kd5 70. Bd4 Bg5 71. Kb2 Bh6 72. Bf7+ Ke4
73. Bg6+ Kd5 74. Kc1 Bg5 75. Kd2 Bh6 76. Bb2 Bg5 77. Kd3 Bh6 78. Bf7+ Kd6 79.
Ke4 Ke7 80. Bg6 Ke6 81. Bc1 Bg5 82. Kd4 Bh6 83. Kc3 Ke5 84. Be8 Ke4 85. Bg6+
Ke5 86. Kd2 Bg5 87. Ba3 Bh6 88. Bc5 Bg5 89. Ba7 Ke6 90. Bb6 Bh6 91. Bd4 Bg5 92.
Bxc2 Bxh5 93. Kd3 Bxe3 94. Kxe3 Kd6 95. Be4 Bf7 96. Bg7 Bd5 97. Bd3 Ba2 98. Kd4
Ke6 99. Be5 Bb3 100. Bh7 Ke7 101. Bg3 Ba2 102. Ke5 Be6 103. Be4 Bh3 104. Bc6
Be6 105. Bb5 Bb3 106. Bh4+ Kf7 107. Be2 Kg6 108. Bd3+ Kf7 109. Bf6 Ba2 110. Kf5
Be6+ 111. Kg5 Bb3 112. Bf5 Ba2 113. Bg4 Bb3 114. Bd7 Be6 115. Bc6 Bb3 116. Kf5
Bc2+ 117. Ke5 Bb3 118. Bf3 Kg6 119. Be2 Ba2 120. Bd1 Bc4 121. Kd4 Kxf6 122.
Kxc4 1/2-1/2

[Event "23rd ETCC Open 2021"]
[Site "Catez"]
[Date "2021.11.16"]
[Round "5.46"]
[White "Dobrovoljc, Vid"]
[Black "Skoberne, Jure"]
[Result "1-0"]
[ECO "B06"]
[WhiteElo "2414"]
[BlackElo "2562"]
[Annotator "ChessBase"]
[PlyCount "57"]
[EventDate "2021.11.08"]
[EventType "team-tourn"]
[EventCountry "SLO"]
[SourceTitle "playchess.com"]
[Source "ChessBase"]
[SourceQuality "1"]
[WhiteTeam "Slovenia"]
[BlackTeam "Slovenia"]
[WhiteTeamCountry "SLO"]
[BlackTeamCountry "SLO"]
[TimeControl "40/5400+30:1800+30"]

1. e4 g6 2. d4 Bg7 3. Nc3 d6 4. Bf4 Nc6 5. Bb5 a6 6. Bxc6+ bxc6 7. Qd2 Be6 8.
Nge2 Rb8 9. b3 Nf6 10. Bh6 O-O 11. h4 Bxh6 12. Qxh6 Ng4 13. Qf4 Bd7 14. Qg3 e5
15. dxe5 Nxe5 16. h5 Kh8 17. f4 Ng4 18. hxg6 fxg6 19. O-O-O Qe7 20. Rh4 Nf6 21.
Rdh1 Rf7 22. e5 dxe5 23. fxe5 Nh5 24. Qe3 Re8 25. g4 Nf6 26. Nf4 Rg7 27. Qd3
Nh5 28. gxh5 Bf5 29. Nxg6+ 1-0

[Event "23rd ETCC Open 2021"]
[Site "Catez"]
[Date "2021.11.16"]
[Round "5.47"]
[White "Sebenik, Matej"]
[Black "Tisaj, Domen"]
[Result "1/2-1/2"]
[ECO "D37"]
[WhiteElo "2509"]
[BlackElo "2369"]
[Annotator "ChessBase"]
[PlyCount "85"]
[EventDate "2021.11.08"]
[EventType "team-tourn"]
[EventCountry "SLO"]
[SourceTitle "playchess.com"]
[Source "ChessBase"]
[SourceQuality "1"]
[WhiteTeam "Slovenia"]
[BlackTeam "Slovenia"]
[WhiteTeamCountry "SLO"]
[BlackTeamCountry "SLO"]
[TimeControl "40/5400+30:1800+30"]

1. d4 Nf6 2. c4 e6 3. Nf3 d5 4. Nc3 Nbd7 5. Bf4 dxc4 6. e3 Nd5 7. Bxc4 Nxf4 8.
exf4 Nb6 9. Bb3 g6 10. h4 Bg7 11. h5 Bd7 12. Ne5 Qe7 13. a4 a5 14. Kf1 O-O-O
15. Ne2 Bxe5 16. fxe5 Qg5 17. Qc1 Qxc1+ 18. Nxc1 Bc6 19. Ne2 Rhg8 20. f3 Bd5
21. Bxd5 Rxd5 22. Kf2 Rgd8 23. b3 R5d7 24. Rac1 Nd5 25. Rc4 b6 26. h6 Ne7 27.
g4 Kb7 28. Rhc1 Ng8 29. Rh1 Ne7 30. Kg3 Nd5 31. Kh4 Rf8 32. Kg3 f5 33. exf6
Rxf6 34. Rcc1 Rdf7 35. Ng1 Rf4 36. Rd1 Kc8 37. Rh2 R4f6 38. Re1 Nf4 39. Re5 Kd7
40. Rc2 Kd6 41. Rd2 Rf8 42. Rc2 R8f7 43. Rd2 1/2-1/2